 Dungeon Crawl Stone Soup version 0.28.0-45-g0d030f2227 (webtiles) character file.

Game seed: 13400978637082622901

24 Mitsuki the Conjurer (level 2, -2/15 HPs)
             Began as a Deep Elf Conjurer on Apr 5, 2022.
             Slain by a gnoll
             ... wielding a +0 spear
              (6 damage)
             ... on level 1 of the Dungeon.
             The game lasted 00:01:28 (531 turns).

Mitsuki the Conjurer (Deep Elf Conjurer)             Turns: 531, Time: 00:01:29

Health: -2/15      AC:  2    Str:  4    XL:     2   Next: 79%
Magic:  5/8        EV: 12    Int: 22    God:
Gold:   11         SH:  0    Dex: 13    Spells: 7/8 levels left

rFire   . . .      SeeInvis .   d - +3 whip (elec)
rCold   . . .      Faith    .   (no shield)
rNeg    . . .      Spirit   .   a - +0 robe
rPois   .          Reflect  .   (no helmet)
rElec   .          Harm     .   (no cloak)
rCorr   .          Rampage  .   (no gloves)
Will    .....                   (no boots)
Stlth   ++........              (no amulet)
HPRegen 0.05/turn               (no ring)
MPRegen 0.11/turn               (no ring)

@: no status effects
A: no striking features
a: no special abilities


You were on level 1 of the Dungeon.
You visited 1 branch of the dungeon, and saw 1 of its levels.

You collected 11 gold pieces.

Inventory:

Hand Weapons
 d - a +3 whip of electrocution (weapon)
Armour
 a - a +0 robe (worn)
Scrolls
 c - a scroll of amnesia {unknown}
 e - a scroll of teleportation {unknown}
Potions
 b - a potion of curing {unknown}


   Skills:
 - Level 2.4 Dodging
 - Level 2.4 Stealth
 + Level 3.6 Spellcasting
 * Level 5.1 Conjurations


You had 7 spell levels left.
You knew the following spells:

 Your Spells              Type           Power      Damage    Failure   Level
a - Magic Dart            Conj           100%       1d8       1%          1

Your spell library contained the following spells:

 Spells                   Type           Power      Damage    Failure   Level
 Searing Ray              Conj           52%        2d6       2%          2
 Dazzling Flash           Conj/Hex       30%        N/A       12%         3
 Fulminant Prism          Conj/Hex       7%         3d7       38%         4
 Iskenderun's Mystic Bla  Conj/Tloc      15%        2d5       38%         4


Dungeon Overview and Level Annotations

Branches:
Dungeon (1/15)

Altars:


Message History

* * * LOW HITPOINT WARNING * * *
You take 2 damage, and have 4/15 hp.
You hit the hobgoblin.
Lightning courses through the hobgoblin!
You kill the hobgoblin!
You hit the frilled lizard.
The frilled lizard is heavily wounded.
The frilled lizard closely misses you.
You completely miss the frilled lizard.
The frilled lizard is heavily wounded.
The frilled lizard bites you.
* * * LOW HITPOINT WARNING * * *
A gnoll comes into view. It is wielding a +0 spear.
You take 1 damage, and have 3/15 hp.
You whack the frilled lizard!
You kill the frilled lizard!
You barely miss the hobgoblin. The hobgoblin misses you.
You hit the hobgoblin but do no damage.
Lightning courses through the hobgoblin!
You kill the hobgoblin!
There is an open door here.
You start resting.
A gnoll is nearby!
Casting: Magic Dart (safe; 1% risk of failure)
Confirm with . or Enter, or press ? or * to list all spells.
Aiming: Magic Dart (safe; 1% risk of failure)
Press: ? - help, Shift-Dir - straight line, f - gnoll
Aim: a gnoll, wielding a +0 spear (100% to hit)
The magic dart hits the gnoll.
The gnoll is lightly wounded.
You now have 5/8 mp.
Casting: Magic Dart (safe; 1% risk of failure)
Confirm with . or Enter, or press ? or * to list all spells.
Aiming: Magic Dart (safe; 1% risk of failure)
Press: ? - help, Shift-Dir - straight line, f/p - gnoll
Aim: a gnoll, wielding a +0 spear (lightly wounded, 100% to hit)
The magic dart hits the gnoll.
The gnoll is heavily wounded.
The gnoll hits you from afar with a +0 spear.
You die...

.###.# #.###.#.#
#.#.## ##.#.##.# #.##
##.###.# #.#.##
##.#.##.# .###.#
#.###.#.# ####.###
###.####..###
.......###..<.....g'.#
####.##.#.##.####.##.#
#.###.###.###@###†#
#.##.#.##.##.##
#.)...#
.#.#.###.#.#.##
##.......
#...#####...## .......
#.........## ....g..
#+#######'# .....(#
#.# ?.....# #.#
.....>. #.#


You could see a gnoll.

Vanquished Creatures
  4 endoplasms (D:1)
  2 giant cockroaches (D:1)
  A goblin (D:1)
  4 hobgoblins (D:1)
  A quokka (D:1)
  4 bats (D:1)
  A frilled lizard (D:1)
  2 kobolds (D:1)
  A rat (D:1)
20 creatures vanquished.

Notes
Turn   | Place    | Note
-------+----------+-------------------------------------------
     0 | D:1      | Mitsuki the Deep Elf Conjurer began the quest for the Orb.
     0 | D:1      | Reached XP level 1. HP: 10/10 MP: 6/6
   206 | D:1      | Reached XP level 2. HP: 15/15 MP: 5/8
   301 | D:1      | Found a faded altar of an unknown god.
   510 | D:1      | Reached skill level 5 in Conjurations
   531 | D:1      | Slain by a gnoll

Illustrated notes

Levels and vault maps discovered:
D:1:      roderic_octagonal_star, layout_basic,
          shapermc_ecumenical_altar_notcrosses, minmay_tetromino_i4

Skill      XL: |  1  2 |
---------------+-------+-----
Conjurations   | 5 |  5.1
Dodging        | |  2.4
Stealth        | |  2.4
Spellcasting   | |  3.6

Action                   || total
-------------------------++-------
Melee: Short sword       ||     2
       Whip              ||    14
 Cast: Magic Dart        ||    33
Armor: Robe              ||     2
Dodge: Dodged            ||    11
